 Dungeon Crawl Stone Soup version 0.31-a0-369-g8eba5f6939 (webtiles) character file.

Game seed: 3559973289788878630

2506 Maratek the Protected (level 9, -20/78 HPs)
             Began as a Minotaur Fighter on July 28, 2023.
             Was a High Priest of Zin.
             Demolished by a two-headed ogre
             ... wielding a +0 giant club
              (22 damage)
             ... while paralysed by a hornet
             ... on level 8 of the Dungeon.
             The game lasted 00:13:26 (6582 turns).

Maratek the Protected (Minotaur Fighter)            Turns: 6582, Time: 00:13:27

Health: -20/78     AC: 18    Str: 24    XL:     9   Next: 28%
Magic:  8/8        EV:  2    Int:  5    God:    Zin [*****.]
Gold:   58         SH:  0    Dex: 11    Spells: 8/8 levels left

rFire   . . .        a - +0 war axe
rCold   + . .        c - +0 buckler
rNeg    . . .        F - +2 plate armour
rPois   .            (helmet restricted)
rElec   .            l - +0 cloak
rCorr   .            (no gloves)
SInv    .            C - +0 pair of boots
Will    +....        e - amulet of reflection Stlth
                     h - ring of protection from cold
HPRegen 0.33/turn    i - ring of willpower
MPRegen 0.11/turn

%: reflection
@: paralysed, lethally poisoned (-20 -> -39)
A: horns 2, retaliatory headbutt
a: Renounce Religion, Recite, Vitalisation, Imprison, Sanctuary, Donate Gold


You were on level 8 of the Dungeon.
You worshipped Zin.
Zin was extremely pleased with you.
You visited 1 branch of the dungeon, and saw 8 of its levels.

You collected 564 gold pieces.
You spent 450 gold pieces at shops.
You donated 56 gold pieces to Zin.

Inventory:

Hand Weapons
 a - a +0 war axe (weapon)
Missiles
 r - 5 silver javelins (quivered)
Armour
 c - a +0 buckler (worn)
 l - a +0 cloak (worn)
 C - a +0 pair of boots (worn)
 F - a +2 plate armour (worn)
Jewellery
 e - an amulet of reflection (around neck)
 h - a ring of protection from cold (left hand)
 i - a ring of willpower (right hand)
Talismans
 B - a storm talisman
Wands
 w - a wand of iceblast (6)
Scrolls
 b - a scroll of butterflies
 d - 2 scrolls of amnesia
 m - a scroll of revelation
 n - a scroll of silence
 q - a scroll of blinking
 t - 3 scrolls of teleportation
Potions
 f - 3 potions of degeneration
 g - a potion of lignification {unknown}
 j - 3 potions of attraction {unknown}
 k - a potion of haste {unknown}
 o - a potion of berserk rage {unknown}
 s - 2 potions of heal wounds
 x - a potion of invisibility {unknown}
 E - a potion of curing {unknown}


   Skills:
 + Level 6.4 Fighting
 + Level 8.5 Axes
 + Level 4.3 Throwing
 + Level 8.7 Armour
 + Level 3.0 Dodging
 + Level 1.7 Stealth
 + Level 5.6 Shields


You had 8 spell levels left.
You didn't know any spells.
Your spell library was empty.

Dungeon Overview and Level Annotations

Branches:
Dungeon (8/15)             Temple (0/1) D:4
   Lair: D:8-11

Altars:
Dithmenos
Zin

Shops:
D:8 =:


Innate Abilities, Weirdness & Mutations

You have a pair of horns on your head.
You reflexively headbutt those who attack you in melee.


Message History

You hit the howler monkey. Your headbutt misses the howler monkey.
The howler monkey is heavily wounded.
You hit the hornet. You slash the two-headed ogre!
The hornet barely misses you. You block the two-headed ogre's attack.
The two-headed ogre hits you but does no damage.
The howler monkey hoots and howls with incredible vigour!
You hear a shout!
You slash the two-headed ogre!
Your headbutt misses the two-headed ogre.
The two-headed ogre is heavily wounded.
You hit the howler monkey. You hit the hornet but do no damage.
The hornet stings you but does no damage.
The howler monkey hits you but does no damage.
The hornet stings you but does no damage.
You block the two-headed ogre's attack.
The two-headed ogre hits you with a +0 giant spiked club!!
You slash the two-headed ogre!
The two-headed ogre is severely wounded.
You slash the howler monkey!
You kill the howler monkey!
You closely miss the hornet. The hornet stings you!
You are poisoned.
You suddenly lose the ability to move!
A hornet comes into view.
The hornet stings you.
You are more poisoned.
You shrug off the repeated paralysis!
The two-headed ogre hits you with a +0 giant club.
The two-headed ogre hits you with a +0 giant spiked club!!
* * * LOW HITPOINT WARNING * * *
* * * LOW HITPOINT WARNING * * *
You feel very sick. The hornet stings you.
* * * LOW HITPOINT WARNING * * *
You are more poisoned.
You feel yourself slow down.
You feel yourself speed up. Zin protects you from harm!
The two-headed ogre hits you with a +0 giant club!!
You die...

### #.. ##.# ..# #..
...# #.# #.# #...## #)#
#.# .....# #.# #.# .....
..# #.# ...
.###########.#####.#.#.#
..............)O@y.....#
(#######.#######y#.#.###
.# #...# ....... ##
.....##.#)#.#.#
#........#.....#
......######.#.#
###...## .#.# #.### .# #
#..


You could see a two-headed ogre and 2 hornets.

Vanquished Creatures
  Grinder (D:3)
  Menkaure (D:4)
  2 water moccasins
  Duvessa (D:5)
  A black bear (D:5)
  An ice beast (D:7)
  2 ogres (D:7)
  2 centaurs
  Blork the orc (D:4)
  A kobold brigand (D:7)
  2 bullfrogs (D:6)
  4 scorpions
  Dowan (D:5)
  6 killer bees (D:7)
  2 howler monkeys
  2 hounds
  2 jellies (D:5)
  A gnoll bouda (D:8)
  An orc wizard (D:7)
  3 sleepcaps
  An iguana (D:4)
  Terence (D:2)
  5 gnolls (D:8)
  5 adders
  2 white imps
  2 dart slugs
  6 orcs
  4 bats
  6 endoplasms
  A giant cockroach (D:1)
  8 goblins
  2 hobgoblins
  4 jackals
  4 quokkas
  9 ball pythons
  4 frilled lizards
  11 kobolds
  4 rats
116 creatures vanquished.

Notes
Turn   | Place    | Note
-------+----------+-------------------------------------------
     0 | D:1      | Maratek the Minotaur Fighter began the quest for the Orb.
     0 | D:1      | Reached XP level 1. HP: 19/19 MP: 0/0
   161 | D:1      | Reached XP level 2. HP: 27/27 MP: 1/1
   442 | D:1      | Reached XP level 3. HP: 33/33 MP: 2/2
   881 | D:2      | Found a faded altar of an unknown god.
   888 | D:2      | Noticed Terence
   902 | D:2      | Killed Terence
   903 | D:2      | Reached XP level 4. HP: 29/41 MP: 3/3
   905 | D:2      | Prayed at the altar of an unknown god.
   905 | D:2      | Became a worshipper of Zin the Law-Giver
   905 | D:2      | Reached * piety under Zin
   905 | D:2      | Reached ** piety under Zin
  1649 | D:3      | Noticed Grinder
  1655 | D:3      | Paralysed by Grinder for 5 turns
  1667 | D:3      | Killed Grinder
  1668 | D:3      | Reached skill level 5 in Axes
  1668 | D:3      | Reached skill level 5 in Armour
  1668 | D:3      | Reached skill level 1 in Dodging
  1668 | D:3      | Reached XP level 5. HP: 10/47 MP: 4/4
  1668 | D:3      | Reached XP level 6. HP: 11/53 MP: 5/5
  2398 | D:3      | Identified the +1 scale mail of Cyuxkom {rC+}
  2581 | D:4      | Reached *** piety under Zin
  2635 | D:4      | Found a staircase to the Ecumenical Temple.
  3026 | D:4      | You fall into a shaft and drop 1 floor!
  3026 | D:5      | Entered Level 5 of the Dungeon
  3067 | D:4      | Noticed Blork the orc
  3075 | D:4      | Killed Blork the orc
  3076 | D:4      | Reached XP level 7. HP: 23/60 MP: 6/6
  3278 | D:4      | Noticed Menkaure
  3285 | D:4      | Killed Menkaure
  3286 | D:4      | Reached skill level 5 in Fighting
  3286 | D:4      | Reached skill level 1 in Stealth
  3737 | D:5      | Noticed Dowan
  3737 | D:5      | Noticed Duvessa
  3745 | D:5      | Reached skill level 1 in Throwing
  3747 | D:5      | Killed Duvessa
  3748 | D:5      | Reached skill level 5 in Shields
  3759 | D:5      | Reached XP level 8. HP: 37/68 MP: 7/7
  3767 | D:5      | Killed Dowan
  4359 | D:5      | Found a shadowy altar of Dithmenos.
  4468 | D:5      | Reached **** piety under Zin
  5417 | D:6      | Reached ***** piety under Zin
  6067 | D:7      | Reached XP level 9. HP: 37/75 MP: 8/8
  6463 | D:8      | Found Cori's Jewellery Shop.
  6475 | D:8      | Bought an amulet of reflection for 450 gold pieces
  6497 | D:8      | Found Xesk's Book Emporium.
  6568 | D:8      | Noticed a two-headed ogre
  6580 | D:8      | Paralysed by a hornet for 3 turns
  6581 | D:8      | HP: 1/78 [hornet (5)]
  6582 | D:8      | Zin protects you from harm!
  6582 | D:8      | Demolished by a two-headed ogre

Illustrated notes

Levels and vault maps discovered:
D:1:      dpeg_arrival_round_c, layout_rooms, minmay_domino_4
D:2:      layout_loops_corners, chequers_ecumenical_altar_simple,
          minmay_box_of_dots, uniq_terence
D:3:      layout_basic, uniq_grinder
D:4:      layout_basic, minmay_temple_entry_antechambers, uniq_menkaure,
          uniq_blork_the_orc
D:5:      layout_cave_pools, nicolae_dithmenos_the_darkroom,
          portal_sewer_entry_d, chequers_serial_rivers_large_b, eino_curves_04,
          uniq_duvessa
D:6:      layout_basic
D:7:      layout_basic
D:8:      layout_loops_ring, serial_shops, nicolae_shop_statue_plus, shop,
          nicolae_shop_rolling_square, nicolae_doodle_vault, uniq_amaemon

Skill      XL: |  1  2  3  4  5  6  7  8  9 |
---------------+----------------------------+-----
Fighting       | 4 5 6 |  6.4
Shields        | 4 5 |  5.6
Axes           | 3 5 6 8 |  8.5
Armour         | 4 5 6 8 |  8.7
Dodging        | 1 2 3 |  3.0
Stealth        | 1 |  1.7
Throwing       | 2 4 |  4.3

Action                     |  1- 3 |  4- 6 |  7- 9 || total
---------------------------+-------+-------+-------++-------
  Melee: War axe           |    54 |    66 |   189 ||   309
         Headbutt          |     6 |    10 |    29 ||    45
  Throw: Javelin           |       |     6 |    26 ||    32
  Evoke: Wand              |       |       |     1 ||     1
    Use: Potion            |       |     2 |     2 ||     4
         Scroll            |       |       |    14 ||    14
 Armour: Scale mail        |    23 |    29 |    41 ||    93
         Plate armour      |       |       |   115 ||   115
  Dodge: Dodged            |    34 |    28 |    85 ||   147
  Block: Buckler           |    14 |    17 |    52 ||    83
         Reflection        |       |       |     1 ||     1

Table legend: (Time is in decaauts)
 A = Elapsed time spent in this place.
 B = Non-inter-level travel time spent in this place.
 C = Inter-level travel time spent in this place.
 D = Time resting spent in this place.
 E = Time spent auto-exploring this place.
 F = Levels seen in this place.
 G = Mean time per level.
                   A        B        C        D        E       F      G
               +--------+--------+--------+--------+--------+-----+--------+
         Total |   6699 |   6593 |    106 |   1397 |   4078 |   8 |  837.4 |
       Dungeon |   6699 |   6593 |    106 |   1397 |   4078 |   8 |  837.4 |
               +--------+--------+--------+--------+--------+-----+--------+

Top non-repeatable levels by time:
     D:4: 1253 daAuts
     D:5: 1095 daAuts
     D:3: 1072 daAuts
     D:6: 920 daAuts
     D:2: 912 daAuts
     D:7: 804 daAuts
     D:1: 519 daAuts
     D:8: 121 daAuts
